 Dungeon Crawl Stone Soup version 0.27-a0-911-gfacc31910f (webtiles) character file.

Game seed: 13952232396068989058

92 DarkShadow the Covered (level 4, -5/40 HPs)
             Began as a Minotaur Fighter on Apr 9, 2021.
             Slain by an ogre
             ... wielding a +0 giant club
              (8 damage)
             ... on level 3 of the Dungeon.
             The game lasted 00:04:14 (2332 turns).

DarkShadow the Covered (Minotaur Fighter)           Turns: 2332, Time: 00:04:15

Health: -5/40      AC: 12    Str: 20    XL:     4   Next: 35%
Magic:  3/3        EV:  4    Int:  5    God:
Gold:   107        SH:  9    Dex: 11    Spells: 3/3 levels left

rFire    + . .     SeeInvis .   a - +0 war axe
rCold    + . .     Faith    .   c - +0 kite shield
rNeg     . . .     Spirit   .   e - +0 plate armour
rPois    .         Reflect  .   (helmet restricted)
rElec    .         Harm     .   (no cloak)
rCorr    .         Rampage  .   (no gloves)
Will     +....                  (no boots)
Stlth    ..........             (no amulet)
HPRegen  0.13/turn              m - ring of protection from cold
MPRegen  0.08/turn              (no ring)

@: no status effects
A: horns 2, retaliatory headbutt, fire resistance 1, strong-willed 1
a: no special abilities


You were on level 3 of the Dungeon.
You visited 1 branch of the dungeon, and saw 3 of its levels.

You collected 107 gold pieces.

Inventory:

Hand Weapons
 a - a +0 war axe (weapon)
Armour
 b - a +0 scale mail
 c - a +0 kite shield (worn)
 e - a +0 plate armour (worn)
Jewellery
 i - a +4 ring of evasion
 m - a ring of protection from cold (left hand)
Scrolls
 f - a scroll of blinking
 g - a scroll of vulnerability
 h - a scroll of teleportation {unknown}
 k - a scroll of enchant weapon {unknown}
Potions
 d - a potion of might


   Skills:
 + Level 4.2 Fighting
 + Level 3.5 Axes
 + Level 4.7 Armour
 + Level 4.2 Shields


You had 3 spell levels left.
You didn't know any spells.
Your spell library contained the following spells:

 Spells                   Type           Power      Damage    Failure   Level
 Corona                   Hex            0%         N/A       100%        1
 Ensorcelled Hibernation  Hex/Ice        0%         N/A       100%        2
 Confusing Touch          Hex            0%         N/A       100%        3
 Dazzling Flash           Conj/Hex       0%         N/A       100%        3
 Tukima's Dance           Hex            0%         N/A       100%        3


Dungeon Overview and Level Annotations

Branches:
Dungeon (3/15)

Altars:
Zin

Shops:
D:3 =([


Innate Abilities, Weirdness & Mutations

You have a pair of horns on your head.
You reflexively headbutt those who attack you in melee.
Your flesh is heat resistant. (rF+)
You are strong-willed. (Will+)


Message History

The ball python bites you but does no damage.
The frilled lizard bites you but does no damage.
The ball python bites you but does no damage.
The ball python constricts you.
You miss the frilled lizard. You headbutt the frilled lizard.
You kill the frilled lizard!
You slash the ball python!
You kill the ball python!
You slash the ball python!
You kill the ball python!
i - a +4 ring of evasion You now have 91 gold pieces (gained 21).
Things that are here:
a +0 club; a goblin corpse You now have 107 gold pieces (gained 16).
There is an open door, spattered with blood here.
You see here a +0 whip.
There is an open door here.
There is an open door here.
There is an open door here.
There is an open door here.
An ogre comes into view. It is wielding a +0 giant club.
The ogre shouts!
You block the ogre's attack.
You hit the ogre.
The ogre is lightly wounded.
The ogre hits you with a +0 giant club.
You barely miss the ogre.
The ogre is lightly wounded.
The ogre hits you with a +0 giant club!!
Ouch! That really hurt!
Your shield and plate armour prevent you from hitting the ogre.
The ogre is lightly wounded.
The ogre hits you with a +0 giant club!
* * * LOW HITPOINT WARNING * * *
You block the ogre's attack.
You slash the ogre! Your headbutt misses the ogre.
The ogre is heavily wounded.
The ogre hits you with a +0 giant club!
You die...

#..<..........
.##############
#.###...## ##...
#.##.....###....
#.#.......#...[.
#.#.......#..... #.
####.#.......#.....
.###.#....##.....###....
......O@...##...## ##...
..##.#......##'#######'#
.....###.#.............
....# #..#.............
..... +..#.............
..... #..####'#######)#
.... ##.# #...# ##...
.... #.##.....###....
#.#.......#.....


You could see an ogre.

Vanquished Creatures
  A gnoll (D:3)
  3 adders
  3 dart slugs
  4 endoplasms
  2 giant cockroaches
  4 goblins
  5 hobgoblins
  3 jackals (D:3)
  9 ball pythons
  2 bats (D:2)
  6 frilled lizards
  5 kobolds
  5 rats
52 creatures vanquished.

Notes
Turn   | Place    | Note
-------+----------+-------------------------------------------
     0 | D:1      | DarkShadow the Minotaur Fighter began the quest for the
                  | Orb.
     0 | D:1      | Reached XP level 1. HP: 19/19 MP: 0/0
   119 | D:1      | Found a faded altar of an unknown god.
   220 | D:1      | Reached XP level 2. HP: 24/27 MP: 1/1
  1342 | D:2      | Reached XP level 3. HP: 33/33 MP: 2/2
  1645 | D:3      | Found Wuakhav's Armour Boutique.
  1654 | D:3      | Found Zechae's Jewellery Shop.
  1707 | D:3      | Gained mutation: You are strong-willed. (Will+) [potion of
                  | mutation]
  1707 | D:3      | Gained mutation: Your flesh is heat resistant. (rF+)
                  | [potion of mutation]
  1928 | D:3      | Found a glowing silver altar of Zin.
  1957 | D:3      | Found Yczy's Antique Weapon Emporium.
  2054 | D:3      | Reached XP level 4. HP: 30/40 MP: 3/3
  2324 | D:3      | Noticed an ogre
  2332 | D:3      | Slain by an ogre

Illustrated notes

Levels and vault maps discovered:
D:1:      dpeg_arrival_long_road, layout_basic, ebering_ecumenical_altar_mist,
          chequers_arboretum, ebering_dispersal_statue_hall
D:2:      layout_loops_cross, amcnicky_mini_corridor_feature
D:3:      kennysheep_six_static_rooms, layout_basic, zin_scriptorium,
          serial_shops, nicolae_shop_waterfront, shop,
          nicolae_shop_window_shopping, shop, shop

Skill      XL: |  1  2  3 |
---------------+----------+-----
Fighting       | 4 |  4.2
Armour         | 4 |  4.7
Shields        | 4 |  4.2
Axes           | 3 |  3.5

Action                   |  1- 3 |  4- 6 || total
-------------------------+-------+-------++-------
Melee: War axe           |    84 |    13 ||    97
       Headbutt          |     8 |     2 ||    10
  Use: Scroll            |     5 |       ||     5
       Potion            |     1 |       ||     1
Armor: Plate armour      |    49 |     9 ||    58
       Scale mail        |     2 |       ||     2
Dodge: Dodged            |    12 |     3 ||    15
Block: Kite shield       |    47 |    10 ||    57

Table legend: (Time is in decaauts)
 A = Elapsed time spent in this place.
 B = Non-inter-level travel time spent in this place.
 C = Inter-level travel time spent in this place.
 D = Time resting spent in this place.
 E = Time spent auto-exploring this place.
 F = Levels seen in this place.
 G = Mean time per level.
                   A        B        C        D        E       F      G
               +--------+--------+--------+--------+--------+-----+--------+
         Total |   2387 |   2387 |      0 |    128 |   1606 |   3 |  795.7 |
       Dungeon |   2387 |   2387 |      0 |    128 |   1606 |   3 |  795.7 |
               +--------+--------+--------+--------+--------+-----+--------+

Top non-repeatable levels by time:
     D:1: 1010 daAuts
     D:3: 799 daAuts
     D:2: 578 daAuts
